[Event "Titled Tuesday Blitz February 07 Early 2023"]
[White "Osmonbekov, Talaibek"]
[Black "Fabris, Alberto"]
[WhiteFideId "2017253"]
[BlackFideId "801348"]
[WhiteElo "2137"]
[BlackElo "2230"]
[Result "0-1"]
[Round "08"]
[TimeControl "180+2"]
[Date "2023.02.07"]
[WhiteClock "0:00:01"]
[BlackClock "0:00:03"]

1. d4 Nf6 2. Bf4 e6 3. Nc3 d5 4. e3 Bd6 5. Nf3 Bxf4 6. exf4 O-O 7. Bd3 c5 8. dxc5 Qa5 9. O-O Qxc5 10. Re1 Nc6 11. Ne5 a6 12. Qf3 b5 13. Qh3 h6 14. a3 Bb7 15. g4 Nxe5 16. fxe5 Ne4 17. Re3 Rad8 18. f4 Nxc3 19. bxc3 d4 20. cxd4 Qxd4 21. Rf1 Qd5 22. Be4 Qd7 23. Bd3 Qd5 24. g5 Qd4 25. Rf2 Qa1+ 26. Rf1 Qd4 27. Qg3 g6 28. gxh6 Kh7 29. h4 Rg8 30. Kh2 Qd7 31. h5 Qe7 32. hxg6+ fxg6 33. Rg1 Kh8 34. Bxg6 Rdf8 35. Qg5 Qxg5 36. fxg5 Rxg6 37. Rd3 Rf7 0-1


[Site "https://www.chess.com"]

[Event "Titled Tuesday Blitz February 07 Early 2023"]
[White "Stolz, Mike"]
[Black "Winkels, Marcel"]
[WhiteFideId "4617134"]
[BlackFideId "1003887"]
[WhiteElo "2330"]
[BlackElo "1960"]
[Result "0-1"]
[Round "08"]
[TimeControl "180+2"]
[Date "2023.02.07"]
[WhiteClock "0:00:01"]
[BlackClock "0:01:09"]

1. c4 Nf6 2. Nf3 c5 3. g3 d5 4. cxd5 Nxd5 5. Bg2 Nc6 6. O-O Nc7 7. Nc3 e5 8. d3 f6 9. Be3 Be7 10. Rc1 O-O 11. Nd2 Nd4 12. Nb3 Rb8 13. Ne4 b6 14. Nxd4 cxd4 15. Bd2 Be6 16. Qa4 Nd5 17. a3 Rc8 18. Rxc8 Qxc8 19. Rc1 Qd8 20. Qxa7 f5 21. Rc6 Bf7 22. Ng5 Bxg5 23. Bxg5 Qxg5 24. Bxd5 Bxd5 25. Rxb6 Qd2 26. f3 Qxe2 27. Rb7 Qe3+ 28. Kf1 Qxf3+ 29. Ke1 Qe3+ 0-1


[Site "https://www.chess.com"]

[Event "Titled Tuesday Blitz February 07 Early 2023"]
[White "Cramling Bellon, Anna"]
[Black "Barwinska, Ewa"]
[WhiteFideId "32009232"]
[BlackFideId "21833761"]
[WhiteElo "2043"]
[BlackElo "1914"]
[Result "0-1"]
[Round "08"]
[TimeControl "180+2"]
[Date "2023.02.07"]
[WhiteClock "0:00:01"]
[BlackClock "0:00:19"]

1. d4 d5 2. c4 e6 3. Nc3 Nf6 4. cxd5 exd5 5. Bg5 Nbd7 6. e3 c6 7. Bd3 Be7 8. Nf3 Nf8 9. Qc2 Ng6 10. h4 Bg4 11. h5 Nxh5 12. Bxe7 Qxe7 13. Ne5 Nxe5 14. dxe5 Qxe5 15. Rh4 Nf6 16. Kf1 h6 17. f3 Bd7 18. f4 Qe7 19. Re1 O-O 20. Qf2 Ng4 21. Qg3 f5 22. Nd1 Rae8 23. Kg1 c5 24. Kh1 c4 25. Bc2 b5 26. Nf2 Nxf2+ 27. Qxf2 d4 28. e4 d3 29. Bb1 fxe4 30. f5 Rxf5 31. Rf4 Rxf4 32. Qxf4 e3 33. b3 d2 34. Rf1 e2 0-1


[Site "https://www.chess.com"]

[Event "Titled Tuesday Blitz February 07 Early 2023"]
[White "Dzhaparov, Medet"]
[Black "Mohammadian, Mohammad"]
[WhiteFideId "13803689"]
[BlackFideId "12566055"]
[WhiteElo "1578"]
[BlackElo "1398"]
[Result "1-0"]
[Round "08"]
[TimeControl "180+2"]
[Date "2023.02.07"]
[WhiteClock "0:00:24"]
[BlackClock "0:00:40"]

1. e4 e5 2. Nf3 Nc6 3. d4 exd4 4. Nxd4 Bc5 5. Be3 Qf6 6. c3 Nge7 7. Bc4 Bb6 8. O-O O-O 9. Re1 d6 10. Nc2 Ne5 11. Bb3 Bg4 12. f3 Bxe3+ 13. Nxe3 Be6 14. Kh1 Bxb3 15. Qxb3 Rab8 16. Nc4 Nxc4 17. Qxc4 Nc6 18. Nd2 Rfe8 19. Nb3 Re5 20. Nd4 Nxd4 21. cxd4 Rh5 22. Qxc7 Rf8 23. Qd7 Qf4 24. h3 Qg3 25. Qg4 Qxg4 26. fxg4 Rb5 27. b3 Rb4 28. d5 Re8 29. Rac1 h6 30. Rc7 Rbxe4 31. Rxe4 Rxe4 32. Rxb7 Re1+ 33. Kh2 Rd1 34. Rxa7 Rxd5 35. a4 Kf8 36. b4 Rd4 37. b5 Rb4 38. Kg3 Ke8 39. Kf3 d5 40. Ke3 g6 41. Kd3 f5 42. gxf5 gxf5 43. Kc3 Rc4+ 44. Kd3 Rb4 45. Kc3 Rc4+ 46. Kb3 Rc1 47. a5 Rb1+ 48. Ka4 Ra1+ 49. Kb4 Rb1+ 50. Kc5 d4 51. Kxd4 Rxb5 52. Ke3 Kd8 53. Kf4 Kc8 54. a6 Kb8 55. Rb7+ Rxb7 56. axb7 Kxb7 57. Kxf5 Kc7 58. Kg6 Kd7 59. Kxh6 Ke7 60. Kg7 Ke6 61. g4 Ke5 62. h4 Kf4 63. h5 Kg5 64. h6 Kxg4 65. h7 Kf4 66. h8=Q Ke4 67. Qe8+ Kd4 68. Qe6 Kc5 69. Qd7 Kc4 70. Qd6 Kc3 71. Qd5 Kb4 72. Kf6 Kc3 73. Ke5 Kb4 74. Kd4 Ka3 75. Qb5 Ka2 76. Kc3 Ka3 77. Qb3# 1-0


[Site "https://www.chess.com"]

[Event "Titled Tuesday Blitz February 07 Early 2023"]
[White "Vargas, Mauricio"]
[Black "Piesik, Piotr"]
[WhiteFideId "4404572"]
[BlackFideId "1136194"]
[WhiteElo "2035"]
[BlackElo "2426"]
[Result "0-1"]
[Round "08"]
[TimeControl "180+2"]
[Date "2023.02.07"]
[WhiteClock "0:00:05"]
[BlackClock "0:00:30"]

1. e4 g6 2. f4 Bg7 3. Nf3 d5 4. e5 c5 5. Nc3 Nc6 6. Bb5 Bg4 7. O-O e6 8. Bxc6+ bxc6 9. d3 Ne7 10. Qe1 Bxf3 11. Rxf3 h5 12. g3 Nf5 13. b3 Bf8 14. Na4 Rb8 15. c4 Be7 16. Ba3 O-O 17. h3 dxc4 18. dxc4 Qd4+ 19. Kh2 Rfd8 20. Rf2 Kg7 21. Bb2 Qd3 22. Rg2 Qf3 23. Ba3 h4 24. g4 Qxf4+ 25. Kh1 Ng3+ 26. Kg1 Rd3 27. Bxc5 Bxc5+ 28. Nxc5 Qd4+ 29. Qf2 Rd1+ 30. Kh2 Qxa1 31. Qf6+ Kg8 32. Qxh4 Nf1+ 33. Kg1 Ne3+ 34. Kh2 Rh1+ 35. Kg3 Qxe5+ 36. Kf3 Rf1+ 37. Ke2 Nxg2+ 38. Kxf1 Nxh4 39. Nd7 Qf4+ 40. Ke1 Qe3+ 41. Kd1 Nf3 42. Nf6+ Kh8 43. Kc2 Qd2+ 44. Kb1 Nd4 45. Ne4 Qc2+ 46. Ka1 Qc1# 0-1


[Site "https://www.chess.com"]

[Event "Titled Tuesday Blitz February 07 Early 2023"]
[White "Qashashvili, Alexandre"]
[Black "Quirke, Jeffrey"]
[WhiteFideId "13600842"]
[BlackFideId "2013029"]
[WhiteElo "2505"]
[BlackElo "2007"]
[Result "1-0"]
[Round "08"]
[TimeControl "180+2"]
[Date "2023.02.07"]
[WhiteClock "0:00:48"]
[BlackClock "0:00:43"]

1. e4 c5 2. Nc3 g6 3. Nf3 Bg7 4. d3 Nc6 5. Be3 d6 6. Qd2 e5 7. Nd5 Be6 8. Be2 Rb8 9. a4 a6 10. a5 Bxd5 11. exd5 Nd4 12. b4 Nxf3+ 13. gxf3 cxb4 14. Qxb4 Ne7 15. Rb1 Nxd5 16. Qa4+ Qd7 17. Qxd7+ Kxd7 18. Ba7 Rbc8 19. Rxb7+ Rc7 20. Rxc7+ Kxc7 21. O-O Ra8 22. Be3 Nxe3 23. fxe3 Rb8 24. f4 Rb2 25. fxe5 Rxc2 26. Rxf7+ Kd8 27. Rxg7 Rxe2 28. exd6 Rxe3 29. Ra7 Rxd3 30. Rxa6 Rd2 31. h3 Ra2 32. Ra7 h5 33. a6 g5 34. Ra8+ Kd7 35. a7 1-0


[Site "https://www.chess.com"]

[Event "Titled Tuesday Blitz February 07 Early 2023"]
[White "lisjakzlatko1"]
[Black "Cueto, Jonny"]
[BlackFideId "3300145"]
[WhiteElo "2211"]
[BlackElo "2122"]
[Result "1-0"]
[Round "08"]
[TimeControl "180+2"]
[Date "2023.02.07"]
[WhiteClock "0:00:57"]
[BlackClock "0:00:03"]

1. e4 e6 2. d4 d5 3. e5 c5 4. c3 Nc6 5. Nf3 Qb6 6. Bd3 cxd4 7. cxd4 Bd7 8. O-O Nxd4 9. Nbd2 Nxf3+ 10. Nxf3 Ne7 11. Be3 Qd8 12. Rc1 Ng6 13. Re1 Bb4 14. Re2 O-O 15. Qb3 Ba5 16. Qxb7 Bb6 17. Bxb6 axb6 18. Rc7 Be8 19. a3 Nf4 20. Rd2 Nxd3 21. Rxd3 Bb5 22. Rdc3 Rb8 23. Qa7 Bc4 24. Nd4 Ra8 25. Qxb6 Qb8 26. Qd6 Qxb2 27. h3 Qxc3 28. Nc6 Qe1+ 29. Kh2 Rad8 30. Nxd8 d4 31. Nc6 d3 32. Ne7+ Kh8 33. Ng6+ hxg6 34. Qxf8+ Kh7 35. Qxf7 Qxe5+ 36. g3 Qf6 37. Qxf6 d2 38. Qxg7# 1-0


[Site "https://www.chess.com"]

[Event "Titled Tuesday Blitz February 07 Early 2023"]
[White "So, Wesley"]
[Black "Rakhmanov, Aleksandr"]
[WhiteFideId "5202213"]
[BlackFideId "4173708"]
[WhiteElo "2760"]
[BlackElo "2632"]
[Result "1-0"]
[Round "09"]
[TimeControl "180+2"]
[Date "2023.02.07"]
[WhiteClock "0:00:27"]
[BlackClock "0:00:02"]

1. d4 Nf6 2. c4 d6 3. Nf3 g6 4. Nc3 Bf5 5. Qb3 b6 6. g3 Bg7 7. Bg2 Nc6 8. Qd1 O-O 9. O-O e5 10. e3 Rb8 11. b3 Ne4 12. Bb2 Nxc3 13. Bxc3 Be4 14. Re1 Re8 15. d5 Ne7 16. Nd2 Bxg2 17. Kxg2 f5 18. e4 Qd7 19. Nf3 Bh6 20. Bd2 f4 21. h3 a5 22. gxf4 Bxf4 23. Bxf4 exf4 24. Qd2 Rf8 25. e5 dxe5 26. Rxe5 Nf5 27. Rae1 Rf6 28. Re6 Rbf8 29. Rxf6 Rxf6 30. Qxf4 Qf7 31. Ng5 Qd7 32. Qe5 Rf8 33. Qe6+ Qxe6 34. Nxe6 Rf7 35. Ng5 Rd7 36. Re8+ Kg7 37. Ne6+ Kf6 38. Rc8 c5 39. dxc6 Rd2 40. c7 Nh4+ 41. Kf1 1-0


[Site "https://www.chess.com"]

[Event "Titled Tuesday Blitz February 07 Early 2023"]
[White "Daneshvar, Bardiya"]
[Black "Sjugirov, Sanan"]
[WhiteFideId "12576468"]
[BlackFideId "4189302"]
[WhiteElo "2540"]
[BlackElo "2712"]
[Result "1-0"]
[Round "09"]
[TimeControl "180+2"]
[Date "2023.02.07"]
[WhiteClock "0:00:05"]
[BlackClock "0:00:02"]

1. Nf3 Nf6 2. c4 e6 3. g3 b6 4. Bg2 Bb7 5. O-O Be7 6. d4 O-O 7. Re1 Na6 8. Nc3 Ne4 9. h4 d5 10. cxd5 exd5 11. Bf4 Bf6 12. Rc1 c5 13. dxc5 Naxc5 14. Be5 Bxe5 15. Nxe5 Qf6 16. Nf3 Ne6 17. e3 Rfd8 18. Qe2 Rac8 19. Nb5 Ba6 20. a4 N6c5 21. Qc2 Nxa4 22. Qxa4 Qxb2 23. Qxa6 Rxc1 24. Rxc1 Qxc1+ 25. Kh2 Nxf2 26. Qxa7 Ng4+ 27. Kh3 Nf2+ 28. Kh2 Ng4+ 29. Kh3 Nxe3 30. Qxb6 Rf8 31. Qd4 Qc8+ 32. Kh2 Ng4+ 33. Kh1 Qc1+ 34. Ng1 Ne3 35. Nc3 Nf5 36. Qe5 Qe3 37. Qxf5 Qxc3 38. Nf3 Qe3 39. Qxd5 Qc1+ 40. Kh2 Qc7 41. Ng5 h6 42. Ne4 Rd8 43. Qf5 Qe7 44. Qf3 Rb8 45. Nf2 Rb2 46. Nh3 Qe5 47. Nf4 Qd4 48. Qa8+ Kh7 49. Qe8 Qf6 50. Qe4+ g6 51. Qe3 Kg7 52. Nd5 1-0


[Site "https://www.chess.com"]

[Event "Titled Tuesday Blitz February 07 Early 2023"]
[White "Galchenko, Matvey"]
[Black "Korobov, Anton"]
[WhiteFideId "24175480"]
[BlackFideId "14105730"]
[WhiteElo "2438"]
[BlackElo "2664"]
[Result "0-1"]
[Round "09"]
[TimeControl "180+2"]
[Date "2023.02.07"]
[WhiteClock "0:00:04"]
[BlackClock "0:00:20"]

1. f4 d5 2. Nf3 c5 3. g3 Nc6 4. Bg2 g6 5. O-O Bg7 6. d3 Nf6 7. Nc3 d4 8. Na4 Nd7 9. c4 O-O 10. a3 Qc7 11. Rb1 a5 12. e4 dxe3 13. Bxe3 b6 14. Nc3 Bb7 15. Qe2 Rad8 16. Rbd1 e6 17. Nb5 Qb8 18. d4 cxd4 19. Nbxd4 Nxd4 20. Nxd4 Nc5 21. b4 axb4 22. axb4 Ne4 23. Qc2 Nd6 24. Bxb7 Qxb7 25. c5 bxc5 26. bxc5 Rc8 27. Qa2 Qe4 28. Rfe1 Rxc5 29. Qa3 Rd5 30. Qb4 Nf5 31. Nc6 Qxb4 32. Nxb4 Rxd1 33. Rxd1 Nxe3 34. Rd7 Nd5 35. Nc6 Rc8 36. Rxd5 Rxc6 37. Rd8+ Bf8 0-1


[Site "https://www.chess.com"]

[Event "Titled Tuesday Blitz February 07 Early 2023"]
[White "Zahid, Sanatan"]
[Black "Perez Ponsa, Federico"]
[WhiteFideId "10201963"]
[BlackFideId "117927"]
[WhiteElo "1930"]
[BlackElo "2532"]
[Result "0-1"]
[Round "09"]
[TimeControl "180+2"]
[Date "2023.02.07"]
[WhiteClock "0:00:03"]
[BlackClock "0:01:19"]

1. d4 Nf6 2. Nc3 d5 3. Bf4 c5 4. e3 cxd4 5. exd4 a6 6. Nf3 Nc6 7. Ne2 Bf5 8. c3 e6 9. Ng3 Bg6 10. Bd3 Bd6 11. Bxd6 Qxd6 12. O-O Bxd3 13. Qxd3 O-O 14. Rfe1 b5 15. a3 Rab8 16. Ne5 a5 17. b4 a4 18. f4 Ne7 19. Re3 g6 20. Rae1 Rfc8 21. Rf3 Rc7 22. Qf1 Rbc8 23. Qxb5 Rxc3 24. Rxc3 Rxc3 25. Qxa4 Nf5 26. Nxf5 exf5 27. h3 Kg7 28. Kh1 Ne4 29. Qa7 Qf6 30. b5 Qh4 31. Qxf7+ Kh6 32. Qf8+ Kh5 33. g4+ fxg4 34. Kg2 Qf2+ 0-1


[Site "https://www.chess.com"]

[Event "Titled Tuesday Blitz February 07 Early 2023"]
[White "Zierk, Steven"]
[Black "Guseinov, Gadir"]
[WhiteFideId "2034255"]
[BlackFideId "13401378"]
[WhiteElo "2488"]
[BlackElo "2661"]
[Result "0-1"]
[Round "09"]
[TimeControl "180+2"]
[Date "2023.02.07"]
[WhiteClock "0:00:06"]
[BlackClock "0:00:28"]

1. e4 c5 2. Nf3 g6 3. d4 cxd4 4. Nxd4 Nc6 5. c4 Nf6 6. Nc3 Nxd4 7. Qxd4 d6 8. Be3 Bg7 9. f3 O-O 10. Qd2 Be6 11. Rc1 Qa5 12. b3 Rfc8 13. Be2 a6 14. Nd5 Qxd2+ 15. Kxd2 Nxd5 16. exd5 Bd7 17. b4 a5 18. b5 Bb2 19. Rb1 Ba3 20. b6 Bb4+ 21. Kc2 Bf5+ 22. Kb3 Bxb1 23. Rxb1 Bc5 24. Bxc5 Rxc5 25. Bd3 Kf8 26. h4 Ke8 27. h5 gxh5 28. Rh1 Ra6 29. Rxh5 Rxb6+ 30. Kc3 e6 31. Kd4 exd5 32. cxd5 Rb4+ 33. Ke3 Ra4 34. Rxh7 Rxa2 35. g4 a4 36. g5 Rg2 37. Rh8+ Ke7 38. f4 a3 39. Ra8 a2 40. f5 Rxg5 41. Rxa2 Rg3+ 42. Kd4 Rg4+ 43. Ke3 Rxd5 44. Be2 Re5+ 45. Kf3 Rge4 46. Bf1 d5 47. Bd3 Rd4 48. Bc2 Rc4 49. Rb2 b5 50. Bb3 Rb4 0-1


[Site "https://www.chess.com"]

[Event "Titled Tuesday Blitz February 07 Early 2023"]
[White "Yuan, Qingyu"]
[Black "Keymer, Vincent"]
[WhiteFideId "8609772"]
[BlackFideId "12940690"]
[WhiteElo "2373"]
[BlackElo "2700"]
[Result "0-1"]
[Round "09"]
[TimeControl "180+2"]
[Date "2023.02.07"]
[WhiteClock "0:00:03"]
[BlackClock "0:00:06"]

1. e4 c6 2. d4 d5 3. exd5 cxd5 4. Bd3 Nf6 5. h3 Nc6 6. c3 e5 7. dxe5 Nxe5 8. Nf3 Nxd3+ 9. Qxd3 Bd6 10. O-O O-O 11. Be3 Re8 12. Nbd2 Ne4 13. Rad1 Bf5 14. Qb5 Re7 15. Nxe4 Bxe4 16. Ng5 a6 17. Qb3 Qc7 18. Nxe4 dxe4 19. Rd5 Bh2+ 20. Kh1 Bf4 21. Bb6 Qc6 22. Rfd1 Rae8 23. Bc5 Re6 24. Qb4 h6 25. Be3 Bxe3 26. fxe3 b5 27. Qd4 Qc7 28. Rf1 R8e7 29. Rd8+ Kh7 30. Qd5 Qg3 31. Qf5+ Rg6 32. Qf2 Qg5 33. Ra8 Ree6 34. Qe2 Ref6 35. Rxf6 Rxf6 36. Kh2 Rd6 37. Re8 Qg6 38. Qf2 Re6 39. Rxe6 Qxe6 40. Qf4 f5 41. b3 g5 42. Qc7+ Kg6 43. c4 bxc4 44. bxc4 Kf6 45. Qd8+ Qe7 46. Qd4+ Qe5+ 47. Kg1 f4 48. Kf2 Ke6 49. Qb6+ Qd6 50. Qb2 fxe3+ 51. Kxe3 Qd3+ 52. Kf2 Qxc4 53. Qb7 Qd4+ 54. Kg3 Qe5+ 55. Kf2 Qf6+ 56. Ke2 Kf5 57. Qd5+ Qe5 58. Qf7+ Qf6 59. Qd5+ Kf4 60. Qd2+ Kg3 61. Qe3+ Kxg2 62. Qxe4+ Kxh3 63. Qe3+ Kg4 64. Qe4+ Kh5 65. Qh1+ Kg6 66. Qe4+ Kf7 67. Qb7+ Qe7+ 68. Qxe7+ Kxe7 0-1


[Site "https://www.chess.com"]

[Event "Titled Tuesday Blitz February 07 Early 2023"]
[White "Bruzon Batista, Lazaro"]
[Black "Vasquez Schroeder, Rodrigo"]
[WhiteFideId "3503739"]
[BlackFideId "3400042"]
[WhiteElo "2611"]
[BlackElo "2524"]
[Result "1-0"]
[Round "09"]
[TimeControl "180+2"]
[Date "2023.02.07"]
[WhiteClock "0:00:24"]
[BlackClock "0:00:14"]

1. e4 c5 2. Nf3 d6 3. d4 cxd4 4. Nxd4 Nf6 5. Nc3 a6 6. g3 e6 7. Bg2 Bd7 8. g4 h6 9. h4 Nc6 10. g5 hxg5 11. Bxg5 Qb6 12. Nb3 Be7 13. Qd2 Ne5 14. O-O-O Qc7 15. Rh3 b5 16. f4 Nc4 17. Qe1 Rc8 18. Kb1 b4 19. Ne2 e5 20. f5 a5 21. c3 a4 22. Nd2 b3 23. a3 Bb5 24. Nc1 Nh5 25. Nxc4 Bxc4 26. Nd3 Bxd3+ 27. Rdxd3 Bf6 28. Bf1 Nf4 29. Bxf4 exf4 30. Rd5 Ke7 31. Bb5 Ra8 32. e5 Bxe5 33. Rhd3 Kf6 34. c4 Qe7 35. c5 Rhd8 36. Qg1 Kxf5 37. Bc6 Rac8 38. Bxa4 Rxc5 39. Bxb3 Rxd5 40. Bxd5 Qxh4 41. Qb6 Qe7 42. Rb3 Kf6 43. Qb5 Rd7 44. Ka2 g6 45. Qd3 Rc7 46. a4 Ra7 47. Qb5 Qd7 48. Qxd7 Rxd7 49. a5 Ra7 50. Ra3 Bd4 51. b4 Ke5 52. Bf3 f5 53. b5 d5 54. b6 Bxb6 55. axb6 Rb7 56. Rb3 g5 57. Rb5 g4 58. Bxd5 Rb8 59. b7 f3 60. Bxf3+ Kf4 61. Bc6 Kg5 62. Ra5 g3 63. Ra8 1-0


[Site "https://www.chess.com"]

[Event "Titled Tuesday Blitz February 07 Early 2023"]
[White "Kamsky, Gata"]
[Black "Orozbaev, Eldiar"]
[WhiteFideId "2000024"]
[BlackFideId "13802240"]
[WhiteElo "2665"]
[BlackElo "2235"]
[Result "1-0"]
[Round "09"]
[TimeControl "180+2"]
[Date "2023.02.07"]
[WhiteClock "0:00:14"]
[BlackClock "0:00:01"]

1. d4 Nf6 2. Bf4 c5 3. e3 Nd5 4. Bg3 Qb6 5. b3 e6 6. c4 Nc7 7. dxc5 Bxc5 8. a3 a5 9. Nc3 Be7 10. Na4 Qc6 11. Nf3 b6 12. Nd4 Qb7 13. Be2 Nc6 14. Bf3 O-O 15. O-O Na6 16. Nb5 Nc5 17. Nac3 a4 18. b4 Nb3 19. Rb1 Rd8 20. Nxa4 Rxa4 21. Qxb3 Qa8 22. Bc7 Bb7 23. Bxd8 Bxd8 24. Rfd1 d5 25. cxd5 Ne5 26. Be4 g6 27. Bc2 Ra6 28. dxe6 Bxg2 29. Rxd8+ Qxd8 30. Kxg2 Qg5+ 31. Kf1 Nf3 32. exf7+ Kf8 33. Qd3 Ra8 34. Nd4 Nxh2+ 35. Ke2 Qg4+ 36. Kd2 Kxf7 37. Qe4 Qxe4 38. Bxe4 Rxa3 39. Rh1 Ng4 40. Rxh7+ Kg8 41. Rb7 Nxf2 42. Bxg6 Ra2+ 43. Kc3 Nd1+ 44. Kb3 Rb2+ 45. Ka3 Rd2 46. Bf7+ Kh8 47. Nf5 Rf2 48. e4 Nc3 49. Rxb6 Rh2 50. Re6 Nb5+ 51. Ka4 Nd4 52. Nxd4 Ra2+ 53. Kb5 Rg2 54. Nf5 Rh2 55. Bg6 1-0


[Site "https://www.chess.com"]

[Event "Titled Tuesday Blitz February 07 Early 2023"]
[White "Urazayev, Arystanbek"]
[Black "Talibov, Shiroghlan"]
[WhiteFideId "13709810"]
[BlackFideId "13429078"]
[WhiteElo "2460"]
[BlackElo "2359"]
[Result "1-0"]
[Round "09"]
[TimeControl "180+2"]
[Date "2023.02.07"]
[WhiteClock "0:00:14"]
[BlackClock "0:00:02"]

1. e4 c5 2. Nf3 d6 3. d4 cxd4 4. Nxd4 Nf6 5. Nc3 Nc6 6. Bg5 e6 7. Qd2 a6 8. Nxc6 bxc6 9. O-O-O Be7 10. Bxf6 gxf6 11. Bc4 Qb6 12. Bb3 Rb8 13. Rhe1 Bd7 14. f4 c5 15. Qd3 a5 16. Na4 Qb4 17. c3 Qb7 18. Qc2 h5 19. Bc4 Rg8 20. Re2 Kf8 21. f5 Rg4 22. b3 Bxa4 23. bxa4 d5 24. Bb5 d4 25. c4 Qc7 26. e5 fxe5 27. fxe6 Bg5+ 28. Kb1 e4 29. Rxe4 d3 30. Qxd3 Rc8 31. Rxg4 hxg4 32. Qh7 Qf4 33. Qxf7+ Qxf7 34. exf7 Kxf7 35. Rd5 Be3 36. Re5 Bd4 37. Re4 Rh8 38. Rxg4 Rxh2 39. Kc2 Rh1 40. Kd3 Ra1 41. Ke4 Rxa2 42. Kd5 Rf2 43. Kc6 Rf5 44. Kb6 Bc3 45. Bc6 Bb4 46. Bd5+ Kf6 47. Kb5 1-0


[Site "https://www.chess.com"]

[Event "Titled Tuesday Blitz February 07 Early 2023"]
[White "Samunenkov, Ihor"]
[Black "Alex_Sahakyan2006"]
[WhiteFideId "14187086"]
[WhiteElo "2501"]
[BlackElo "2712"]
[Result "0-1"]
[Round "09"]
[TimeControl "180+2"]
[Date "2023.02.07"]
[WhiteClock "0:00:06"]
[BlackClock "0:00:20"]

1. d4 Nf6 2. Nf3 d5 3. c4 e6 4. g3 dxc4 5. Bg2 a6 6. O-O Nc6 7. Nbd2 b5 8. b3 cxb3 9. Nxb3 Rb8 10. Bb2 Bb7 11. Rc1 Be7 12. Nc5 Bxc5 13. Rxc5 O-O 14. Qc1 Na5 15. Ne5 Bxg2 16. Kxg2 Nd7 17. Nxd7 Qxd7 18. e4 Nc4 19. Ba1 f5 20. Qf4 fxe4 21. Qxc7 Qxc7 22. Rxc7 Rf7 23. Rxf7 Kxf7 24. Re1 Nd6 25. Bc3 b4 26. Bd2 Ke7 27. Bf4 Rc8 28. Re2 a5 29. f3 exf3+ 30. Kxf3 Rc3+ 31. Kg4 Kd7 32. Be5 g6 33. Kg5 Rf3 34. Bf4 a4 35. Kf6 Ne8+ 36. Ke5 b3 37. axb3 axb3 38. d5 exd5 39. Kxd5 Nf6+ 40. Kc4 Nh5 41. Be3 b2 42. Rxb2 Rxe3 43. Rb7+ Ke6 44. Rxh7 Kf5 45. Rh6 Kg5 46. Rh8 Re2 47. h4+ Kf6 48. Rf8+ Kg7 49. Rf3 Rg2 50. Kd3 Rxg3 51. Rxg3 Nxg3 52. Ke3 Kh6 53. Kf3 Nf5 54. Kg4 Ng7 55. Kf4 Nh5+ 56. Kg4 Kg7 57. Kg5 Kf7 58. Kg4 Kf6 59. Kf3 Kf5 0-1


[Site "https://www.chess.com"]

[Event "Titled Tuesday Blitz February 07 Early 2023"]
[White "Avinash, Ramesh"]
[Black "Sychev, Klementy"]
[WhiteFideId "45018340"]
[BlackFideId "4114060"]
[WhiteElo "2319"]
[BlackElo "2547"]
[Result "1/2-1/2"]
[Round "09"]
[TimeControl "180+2"]
[Date "2023.02.07"]
[WhiteClock "0:02:00"]
[BlackClock "0:00:38"]

1. e4 e5 2. Nf3 Nc6 3. Nc3 Nf6 4. Bb5 Nd4 5. Nxd4 exd4 6. e5 dxc3 7. exf6 Qxf6 8. dxc3 Bc5 9. Qe2+ Qe6 10. Bc4 Qxe2+ 11. Kxe2 c6 12. Be3 Bxe3 13. Kxe3 d5 14. Bd3 O-O 15. Rae1 Re8+ 16. Kd2 Bd7 17. Rxe8+ Rxe8 18. Re1 Rxe1 19. Kxe1 c5 20. c4 d4 21. Kd2 Bc6 22. g3 g6 23. c3 dxc3+ 24. Kxc3 Kf8 25. a3 Ke7 26. f4 h6 27. b4 b6 28. Kd2 Kd6 29. Ke3 Be8 30. h4 f6 31. Bf1 Bf7 32. Bd3 g5 33. Bf1 Be6 34. Bd3 a6 35. Bf1 Bg8 36. Bd3 Bf7 37. Bf1 Bg6 38. Be2 Bf5 39. Bf1 Kc7 40. Be2 Kd6 41. Bf1 Bb1 42. Be2 Bf5 1/2-1/2


[Site "https://www.chess.com"]

[Event "Titled Tuesday Blitz February 07 Early 2023"]
[White "Kosakowski, Jakub"]
[Black "Timofeev, Artyom"]
[WhiteFideId "1185080"]
[BlackFideId "4140419"]
[WhiteElo "2485"]
[BlackElo "2567"]
[Result "0-1"]
[Round "09"]
[TimeControl "180+2"]
[Date "2023.02.07"]
[WhiteClock "0:00:09"]
[BlackClock "0:00:33"]

1. e4 d6 2. d4 Nf6 3. Nc3 g6 4. Nf3 Bg7 5. Be2 O-O 6. O-O Nc6 7. d5 Nb8 8. Be3 c6 9. a4 a5 10. Nd2 Nbd7 11. Nc4 Qc7 12. h3 Rb8 13. Ba7 Ra8 14. Be3 Nc5 15. e5 Nxd5 16. Nxd5 cxd5 17. exd6 Qc6 18. dxe7 Re8 19. Nd2 Rxe7 20. Bb5 Qc7 21. Nf3 Be6 22. Bd4 Ne4 23. Re1 Rc8 24. c3 h6 25. Bxg7 Kxg7 26. Qd4+ Kh7 27. Rad1 b6 28. Nd2 Nd6 29. Bd3 Rce8 30. Nf3 Nc4 31. Re2 Bc8 32. Rxe7 Rxe7 33. Rb1 Bb7 34. b3 Ne5 35. Nxe5 Rxe5 36. Rd1 Re6 37. h4 Qe5 38. Qxe5 Rxe5 39. Kf1 Kg7 40. Re1 Kf6 41. f4 Re7 42. g4 Rc7 43. g5+ hxg5 44. hxg5+ Kg7 45. c4 dxc4 46. Bxc4 Bc6 47. Kf2 Bxa4 48. Re8 Bxe8 0-1


[Site "https://www.chess.com"]

[Event "Titled Tuesday Blitz February 07 Early 2023"]
[White "Zemlyanskii, Ivan"]
[Black "Bachmann, Axel"]
[WhiteFideId "24249971"]
[BlackFideId "3700488"]
[WhiteElo "2300"]
[BlackElo "2604"]
[Result "1-0"]
[Round "09"]
[TimeControl "180+2"]
[Date "2023.02.07"]
[WhiteClock "0:00:15"]
[BlackClock "0:00:01"]

1. d4 Nf6 2. c4 e6 3. Bf4 Bb4+ 4. Nd2 c5 5. dxc5 Nc6 6. Nf3 Bxc5 7. e3 O-O 8. Be2 h6 9. O-O Nh5 10. Ne4 Nxf4 11. Nxc5 Qe7 12. Ne4 Nxe2+ 13. Qxe2 b6 14. Rfd1 Ba6 15. Qc2 Na5 16. b3 d5 17. cxd5 exd5 18. Nc3 Rac8 19. Qd2 Rfd8 20. Rac1 Bb7 21. Nb5 Nc6 22. Nbd4 Nb8 23. h3 Nd7 24. Qb2 Qf6 25. Qa3 a6 26. b4 Nf8 27. b5 a5 28. Rxc8 Rxc8 29. Rc1 Rc4 30. Nd2 Rxc1+ 31. Qxc1 Ne6 32. Nxe6 Qxe6 33. Nf3 Qd6 34. Nd4 g6 35. a4 Kf8 36. Qb2 Ke7 37. Nf3 Bc8 38. Qg7 Qf6 39. Qg8 Bf5 40. Nd4 Bd7 41. Qb8 Qd6 42. Qb7 Kf8 43. Nc6 Bf5 44. Qxb6 Bc2 45. Qd4 Kg8 46. Nxa5 h5 47. Nc6 Bb3 48. a5 Bc4 49. Qb6 1-0


[Site "https://www.chess.com"]

[Event "Titled Tuesday Blitz February 07 Early 2023"]
[White "Madaminov, Mukhiddin"]
[Black "Kukhmazov, Arsen"]
[WhiteFideId "14210703"]
[BlackFideId "24108260"]
[WhiteElo "2422"]
[BlackElo "2512"]
[Result "0-1"]
[Round "09"]
[TimeControl "180+2"]
[Date "2023.02.07"]
[WhiteClock "0:00:01"]
[BlackClock "0:00:08"]

1. d4 d5 2. Nc3 Nf6 3. Bf4 e6 4. Nb5 Na6 5. e3 Be7 6. Be2 O-O 7. Nf3 Bd7 8. Ne5 Be8 9. O-O c5 10. c3 Ne4 11. a4 f6 12. Nf3 g5 13. Bg3 h5 14. h3 Nxg3 15. fxg3 Bg6 16. Nd2 Qe8 17. Bf3 f5 18. g4 fxg4 19. hxg4 h4 20. c4 Qd7 21. Qb3 Nb4 22. dxc5 Bxc5 23. Qc3 Nc2 24. cxd5 Bxe3+ 25. Kh1 exd5 26. Rad1 d4 27. Qc4+ Kh8 28. Ne4 Rac8 29. Qb3 Bf4 30. Nbd6 Bxd6 31. Nxg5 d3 32. Ne6 Rf6 33. Bd5 Rxf1+ 34. Rxf1 Be5 35. Ng5 Ne3 36. Be6 Qc6 37. Rf3 Qc1+ 38. Rf1 Qxf1# 0-1


[Site "https://www.chess.com"]